 Dungeon Crawl Stone Soup version 0.30-a0-49-g1cef19eb02 (webtiles) character file.

Game seed: 4737876072573411623

93 IdlyInterested the Chiller (level 4, 0/32 HPs)
             Began as a Demonspawn Wanderer on Sept 2, 2022.
             Slain by a gnoll sergeant
             ... wielding a +0 spear
              (8 damage)
             ... on level 3 of the Dungeon.
             The game lasted 00:12:22 (2945 turns).

IdlyInterested the Chiller (Demonspawn Wanderer)    Turns: 2945, Time: 00:12:23

Health: 0/32       AC:  6    Str: 13    XL:     4   Next: 37%
Magic:  0/7        EV: 13    Int: 25    God:
Gold:   99         SH:  0    Dex: 16    Spells: 3/7 levels left

rFire   . . .      SeeInvis .    l - +9 mace "Hell-Harrower" {vorpal, rPois rN+}
rCold   . . .      Faith    .    (no shield)
rNeg    + . .      Spirit   +    d - +2 leather armour
rPois   +          Reflect  .    q - +0 helmet
rElec   .          Harm     .    (no cloak)
rCorr   .          Rampage  .    (no gloves)
Will    .....                    (no boots)
Stlth   ++........               e - amulet of Kindness {Spirit Regen+ Str+4}
HPRegen 0.90/turn                f - +6 ring of intelligence
MPRegen 0.10/turn                (no ring)

@: flying
A: big brain 2
a: no special abilities


You were on level 3 of the Dungeon.
You visited 1 branch of the dungeon, and saw 4 of its levels.

You collected 99 gold pieces.

Inventory:

Hand Weapons
 a - a +1 dagger
 l - the +9 mace "Hell-Harrower" (weapon) {vorpal, rPois rN+}
   (You found it on level 3 of the Dungeon)

   It inflicts extra damage upon your enemies.
   rPois:     It protects you from poison.
   rN:        It protects you from negative energy.
Missiles
 h - 5 poisoned darts
Armour
 d - a +2 leather armour (worn)
 o - a +0 plate armour
 q - a +0 helmet (worn)
 t - a +0 scale mail
Magical Staves
 s - a staff of fire
Jewellery
 e - the amulet of Kindness (around neck) {Spirit Regen+ Str+4}
   (You acquired it on level 3 of the Dungeon)

   [amulet of guardian spirit]

   It causes incoming damage to be divided between your reserves of health and
   magic.
   Str:       It affects your strength (+4).
   Regen:     It increases your rate of health regeneration.
 f - a +6 ring of intelligence (left hand)
Scrolls
 c - a scroll of butterflies
 i - 2 scrolls of magic mapping {unknown}
 j - a scroll of fear
 k - 3 scrolls of blinking {unknown}
Potions
 b - 3 potions of lignification
 g - a potion of haste
 p - a potion of heal wounds {unknown}
 u - a potion of might {unknown}


   Skills:
 - Level 1.0 Fighting
 + Level 1.0 Staves
 - Level 1.0 Armour
 + Level 3.3 Dodging
 - Level 1.0 Stealth
 + Level 2.1 Spellcasting
 + Level 4.1 Ice Magic


You had 3 spell levels left.
You knew the following spells:

 Your Spells              Type           Power      Damage    Failure   Level
a - Freeze                Ice            92%        1d10      2%          1
b - Frozen Ramparts       Ice            46%        1d7       8%          3

Your spell library contained the following spells:

 Spells                   Type           Power      Damage    Failure   Level
 Animate Dead             Necr           2%         N/A       80%         4
 Borgnjor's Vile Clutch   Necr/Erth      1%         N/A       98%         5
 Death Channel            Necr           1%         N/A       100%        6


Dungeon Overview and Level Annotations

Branches:
Dungeon (4/15)
 Temple: D:4-7

Altars:


Innate Abilities, Weirdness & Mutations

You have an extremely huge brain. (Int +4)


Message History

The wall freezes the gnoll sergeant but does no damage.
The gnoll sergeant hits you from afar with a +0 spear!
Throw: 7 darts (poison)
Press: ? - help, Shift-Dir - straight line, f/p - gnoll sergeant
Aim: a gnoll sergeant, wielding a +0 spear and wearing a +0 ring mail (67% to hit)
You throw a poisoned dart.
The poisoned dart barely misses the gnoll sergeant.
The poisoned dart hits the gnoll.
The wall freezes the gnoll sergeant but does no damage.
The gnoll sergeant hits you from afar with a +0 spear!
* * * LOW HITPOINT WARNING * * *
The wall freezes the gnoll.
Throw: 6 darts (poison)
Press: ? - help, Shift-Dir - straight line, f/p - gnoll sergeant
Aim: a gnoll sergeant, wielding a +0 spear and wearing a +0 ring mail (67% to hit)
You throw a poisoned dart.
The poisoned dart completely misses the gnoll sergeant.
The poisoned dart hits the gnoll.
The gnoll is poisoned.
The gnoll is heavily wounded.
The wall freezes the gnoll sergeant but does no damage.
The gnoll sergeant hits you from afar with a +0 spear.
* * * LOW HITPOINT WARNING * * *
The wall freezes the gnoll.
You feel better.
The frozen ramparts melt away.
The gnoll sergeant closely misses you. The gnoll sergeant misses you.
You see here a +0 spear.
Casting: Frozen Ramparts (quite dangerous; 8% risk of failure)
Confirm with . or Enter, or press ? or * to list all spells.
You don't have enough magic to cast this spell.
You hit the gnoll sergeant.
The gnoll sergeant is lightly wounded.
The gnoll sergeant hits you with a +0 spear!
* * * LOW HITPOINT WARNING * * *
It was a potion of flight.
You feel very buoyant.
You fly up into the air.
You kill the gnoll!
The gnoll sergeant hits you with a +0 spear!
You die...

#.. ###..#.#.#§§≈≈##.#..#
##. #.. #....####≈§≈§≈##...#
#.
#.....##.#..#≈§§≈§≈≈§§#...#
#.
.........§≈≈≈≈≈≈§§....######
########.§.≈≈≈≈§§...........
........#........###########
#######.#.#.###### #.#.#.#
#######.#.#@#
######.......#.#g#
....##.####..#.#)#
..........#....#.#
....##.#.##.####.#
....##.#....# ### ....##.#
#### ....##.# ....##.#


You could see a gnoll sergeant.

Vanquished Creatures
  An orc wizard (D:3)
  An adder (D:2)
  3 gnolls (D:3)
  A worm (D:3)
  4 orcs (D:3)
  4 ball pythons
  3 endoplasms
  2 hobgoblins (D:1)
  4 bats
  4 frilled lizards
  3 goblins
  5 kobolds
  A rat (D:3)
36 creatures vanquished.

Notes
Turn   | Place    | Note
-------+----------+-------------------------------------------
     0 | D:1      | IdlyInterested the Demonspawn Wanderer began the quest for
                  | the Orb.
     0 | D:1      | IdlyInterested set off with the following items: a +0
                  | dagger, a potion of lignification, a scroll of butterflies,
                  | a +2 leather armour; and the following spell memorised:
                  | Freeze; and the following spells available to memorise:
                  | Frozen Ramparts.
     0 | D:1      | Reached XP level 1. HP: 13/13 MP: 2/2
   134 | D:1      | Found a faded altar of an unknown god.
   447 | D:1      | Gained mutation: You have an unusually large brain. (Int
                  | +2) [demonic ancestry]
   447 | D:1      | Reached XP level 2. HP: 15/19 MP: 4/4
  1890 | D:2      | You fall into a shaft and drop 2 floors!
  1902 | D:4      | Noticed an ogre
  2277 | D:3      | Gained mutation: You have an extremely huge brain. (Int +4)
                  | [demonic ancestry]
  2277 | D:3      | Reached XP level 3. HP: 24/24 MP: 6/6
  2286 | D:3      | Learned a level 3 spell: Frozen Ramparts
  2395 | D:3      | Identified a scroll of acquirement
  2395 | D:3      | Acquired the amulet of Kindness {Spirit Regen+ Str+4}
  2572 | D:3      | Identified the +9 mace "Hell-Harrower" {vorpal, rPois rN+}
  2646 | D:3      | Reached skill level 1 in Fighting
  2646 | D:3      | Reached skill level 4 in Ice Magic
  2654 | D:3      | Reached XP level 4. HP: 29/32 MP: 2/7
  2932 | D:3      | Noticed a gnoll sergeant
  2939 | D:3      | Reached skill level 1 in Staves
  2945 | D:3      | Slain by a gnoll sergeant

Illustrated notes

Levels and vault maps discovered:
D:1:      saegor_arrival_simple_d, layout_basic, ebering_ecumenical_altar_webs
D:2:      layout_loops_corners, hangedman_decor_push, minmay_misc_feat_columns
D:3:      layout_basic, amethyst_killhole, grunt_decor_junction
D:4:      layout_cave_pools

Skill      XL: |  1  2  3  4 |
---------------+-------------+-----
Dodging        | 3 |  3.3
Spellcasting   | 2 |  2.1
Fighting       | 1 |  1.0
Ice Magic      | 4 |  4.1
Staves         | 1 |  1.0
Armour         | |  1.0
Stealth        | |  1.0

Action                   |  1- 3 |  4- 6 || total
-------------------------+-------+-------++-------
Melee: Dagger            |    28 |       ||    28
       Staff             |    11 |       ||    11
       Mace              |     8 |     8 ||    16
Throw: Dart              |       |     4 ||     4
 Cast: Freeze            |    18 |       ||    18
       Frozen Ramparts   |     2 |     1 ||     3
  Use: Scroll            |     8 |       ||     8
       Potion            |     1 |     2 ||     3
 Stab: Sleeping          |     2 |       ||     2
Armor: Leather armour    |    21 |       ||    21
Dodge: Dodged            |    51 |     9 ||    60

Table legend: (Time is in decaauts)
 A = Elapsed time spent in this place.
 B = Non-inter-level travel time spent in this place.
 C = Inter-level travel time spent in this place.
 D = Time resting spent in this place.
 E = Time spent auto-exploring this place.
 F = Levels seen in this place.
 G = Mean time per level.
                   A        B        C        D        E       F      G
               +--------+--------+--------+--------+--------+-----+--------+
         Total |   2955 |   2681 |    274 |    681 |   1489 |   4 |  738.8 |
       Dungeon |   2955 |   2681 |    274 |    681 |   1489 |   4 |  738.8 |
               +--------+--------+--------+--------+--------+-----+--------+

Top non-repeatable levels by time:
     D:2: 1230 daAuts
     D:1: 950 daAuts
     D:3: 754 daAuts
     D:4: 19 daAuts
